 Dungeon Crawl Stone Soup version 0.31.0-9-g3a7656b989 (webtiles) character file.

Game seed: 1805701332589506900

110 H0rd4k the Trooper (level 4, -2/37 HPs)
             Began as a Human Artificer on Feb 5, 2024.
             Slain by a scorpion (3 damage)
             ... on level 3 of the Dungeon.
             The game lasted 00:02:54 (2256 turns).

H0rd4k the Trooper (Human Artificer)                Turns: 2256, Time: 00:02:54

Health: -2/37      AC:  3    Str: 12    XL:     4   Next: 91%
Magic:  4/4        EV: 11    Int: 13    God:
Gold:   67         SH:  0    Dex: 14    Spells: 3/3 levels left

rFire   . . .        t - +4 club
rCold   . . .        (no shield)
rNeg    . . .        b - +0 leather armour
rPois   +            (no helmet)
rElec   .            (no cloak)
rCorr   .            (no gloves)
SInv    .            (no boots)
Will    .....        (no amulet)
Stlth   +            h - ring of poison resistance
HPRegen 0.26/turn    (no ring)
MPRegen 0.09/turn

%: no passive effects
@: lethally poisoned (-2 -> -7)
A: explore regen
a: no special abilities


You were on level 3 of the Dungeon.
You visited 1 branch of the dungeon, and saw 3 of its levels.

You collected 67 gold pieces.

Inventory:

Hand Weapons
 p - a +0 triple sword
 t - a +4 club (weapon)
 y - a +0 dagger of venom
Armour
 b - a +0 leather armour (worn)
 u - a +0 helmet of see invisible
 v - an orb of energy
Jewellery
 h - a ring of poison resistance (left hand)
Wands
 c - a wand of flame (9) (quivered)
 d - a wand of charming (13)
 e - a wand of iceblast (5)
 x - a wand of polymorph (12)
Scrolls
 a - a scroll of vulnerability {unknown}
 f - a scroll of amnesia {unknown}
 g - a scroll of immolation {unknown}
 i - a scroll of enchant armour {unknown}
 j - a scroll of identify {unknown}
 l - a scroll of blinking {unknown}
 n - a scroll of teleportation {unknown}
 o - a scroll of summoning {unknown}
 q - a scroll of brand weapon {unknown}
 r - a scroll of revelation {unknown}
 z - a scroll of enchant weapon {unknown}
 A - a scroll of poison {unknown}
Potions
 k - 2 potions of curing {unknown}
 m - a potion of brilliance {unknown}
 s - 2 potions of haste {unknown}
 w - a potion of mutation {unknown}


   Skills:
 + Level 4.1 Fighting
 + Level 1.6 Long Blades
 - Level 2.0 Armour
 - Level 1.0 Dodging
 - Level 1.0 Stealth
 - Level 3.0 Evocations


You had 3 spell levels left.
You didn't know any spells.
Your spell library contained the following spells:

 Spells                   Type           Power      Damage    Failure   Level
 Blink                    Tloc           0%         N/A       52%         2
 Lesser Beckoning         Tloc           0%         N/A       52%         2
 Momentum Strike          Conj/Tloc      0%         3d8       52%         2
 Hailstorm                Conj/Ice       0%         3d5       75%         3
 Summon Ice Beast         Ice/Summ       0%         N/A       75%         3
 Sculpt Simulacrum        Ice/Alch       0%         N/A       100%        6


Dungeon Overview and Level Annotations

Branches:
Dungeon (3/15)

Altars:
Trog
Yredelemnul

Annotations:
D:3 1 transporter, fly's ghost, amateur KoDe


Innate Abilities, Weirdness & Mutations

You regain HP and MP as you explore.


Message History

The scorpion is lightly wounded.
The scorpion closely misses you.
Aiming: Throw Flame
Press: ? - help, Shift-Dir - straight line, f - scorpion
Aim: a scorpion (lightly wounded, 71% to hit)
The puff of flame hits the scorpion.
The scorpion is heavily wounded.
The scorpion barely misses you.
Unknown command.
Aiming: Throw Flame
Press: ? - help, Shift-Dir - straight line, f/p - scorpion
Aim: a scorpion (heavily wounded, 71% to hit)
The puff of flame hits the scorpion.
The scorpion is severely wounded.
The scorpion stings you. x2
Unknown command.
You hit the scorpion.
The scorpion is almost dead.
The scorpion stings you.
You closely miss the scorpion.
The scorpion is severely wounded.
The scorpion closely misses you. The scorpion stings you.
You are poisoned.
The scorpion poisons you!
You hit the scorpion but do no damage.
The scorpion is severely wounded.
You feel very sick. The scorpion stings you.
* * * LOW HITPOINT WARNING * * *
You hit the scorpion but do no damage.
The scorpion is severely wounded.
* * * LOW HITPOINT WARNING * * *
You feel very sick. The scorpion closely misses you. The scorpion stings you.
* * * LOW HITPOINT WARNING * * *
You hit the scorpion.
The scorpion is almost dead.
* * * LOW HITPOINT WARNING * * *
You feel sick. The scorpion stings you.
You die...

....#.......#......
###.#.#..#..#.......##.#
.................#.###.#
............#.##........
.........##.#.##.#####..
........................
.#............#########.
=.....s..###..# #.
#...@.###.####### #.
#....<........... ..
##..#.#.#.####### #.
#..#...[.# #......###
#+######


You could see a scorpion.

Vanquished Creatures
  Robin (D:2)
  2 adders (D:2)
  A ribbon worm (D:2)
  6 orcs (D:3)
  4 endoplasms
  3 giant cockroaches
  10 goblins
  9 hobgoblins
  3 quokkas (D:2)
  5 ball pythons
  4 bats (D:1)
  5 frilled lizards
  8 kobolds
  3 rats
64 creatures vanquished.

Vanquished Creatures (collateral kills)
  A goblin (D:2)
1 creature vanquished.

Vanquished Creatures (others)
  A hobgoblin (D:2)
1 creature vanquished.

Grand Total: 66 creatures vanquished

Notes
Turn   | Place    | Note
-------+----------+-------------------------------------------
     0 | D:1      | H0rd4k the Human Artificer began the quest for the Orb.
     0 | D:1      | Reached XP level 1. HP: 15/15 MP: 1/1
   161 | D:1      | Reached skill level 2 in Fighting
   161 | D:1      | Reached XP level 2. HP: 22/22 MP: 2/2
   549 | D:1      | Reached XP level 3. HP: 28/28 MP: 3/3
   848 | D:1      | Reached skill level 3 in Fighting
  1222 | D:2      | Reached XP level 4. HP: 6/37 MP: 4/4
  1443 | D:2      | Noticed Robin
  1472 | D:2      | Killed Robin
  1473 | D:2      | Reached skill level 1 in Long Blades
  1752 | D:2      | Reached skill level 4 in Fighting
  2057 | D:3      | Found a basalt altar of Yredelemnul.
  2060 | D:3      | Found a bloodstained altar of Trog.
  2191 | D:3      | Found a transporter.
  2200 | D:3      | Noticed fly's ghost (amateur KoDe)
  2243 | D:3      | Noticed a scorpion
  2256 | D:3      | HP: 1/37 [poisoned by a scorpion]
  2256 | D:3      | Slain by a scorpion

Illustrated notes

Levels and vault maps discovered:
D:1:      amcnicky_arrival_flooded_fountain, layout_basic
D:2:      layout_basic, minmay_pentomino_r2, uniq_robin
D:3:      layout_basic, nicolae_overflow_squiral, gammafunk_ghost_stat_death

Skill      XL: |  1  2  3  4 |
---------------+-------------+-----
Fighting       | 2 3 4 |  4.1
Long Blades    | 1 |  1.6
Armour         | |  2.0
Dodging        | |  1.0
Stealth        | |  1.0
Evocations     | |  3.0

Action                     |  1- 3 |  4- 6 || total
---------------------------+-------+-------++-------
  Melee: Club              |    16 |    54 ||    70
         Whip              |    99 |       ||    99
         Triple sword      |    22 |    36 ||    58
  Evoke: Wand              |     4 |     4 ||     8
   Stab: Sleeping          |     2 |     2 ||     4
         Distracted        |     1 |       ||     1
 Armour: Leather armour    |   107 |    78 ||   185
  Dodge: Dodged            |   122 |    63 ||   185
